 Dungeon Crawl Stone Soup version 0.16-a0-3493-gd9d85f0 (webtiles) character file.

575 RedPan the Chiller (level 7, -3/55 HPs)
             Began as a Yellow Draconian Ice Elementalist on Jan 4, 2015.
             Slain by an orc wizard
             ... wielding a +0 dagger
              (4 damage)
             ... on level 4 of the Dungeon on Jan 5, 2015.
             The game lasted 00:25:21 (6263 turns).

RedPan the Chiller (DrIE)                           Turns: 6263, Time: 00:25:21

Health: -3/55      AC:  6    Str: 11    XL:     7   Next: 12%
Magic:  17/17      EV: 12    Int: 18    God:
Gold:   206        SH:  0    Dex: 11    Spells: 3 memorised, 8 levels left

rFire  . . .     SeeInvis .     r - +1 whip
rCold  . . .     Clarity  .     (armour unavailable)
rNeg   . . .     SustAb   .     (no shield)
rPois  .         Gourm    .     (helmet restricted)
rElec  .         Spirit   .     (no cloak)
rCorr  +         Warding  .     (no gloves)
rMut   .         Stasis   .     (no boots)
MR     .....                    (no amulet)
Stlth  +++.......               o - ring of stealth
                                j - +1 ring of intelligence

@: lethally poisoned, not resistant to hostile enchantments, fairly stealthy
A: spit acid, acid resistance, unfitting armour, cold-blooded, AC +6
a: Spit Acid


You were on level 4 of the Dungeon.
You were hungry.

You visited 1 branch of the dungeon, and saw 4 of its levels.

You collected 206 gold pieces.

Inventory:

Hand weapons
 a - a +1 dagger
 r - a +1 whip (weapon)
Jewellery
 h - an uncursed amulet of faith
 j - a +1 ring of intelligence (left hand)
 o - a ring of stealth (right hand)
 w - an uncursed ring of teleportation
Magical devices
 k - a wand of polymorph (8)
 l - a wand of confusion (15)
 t - a wand of disintegration (13)
Scrolls
 d - 6 scrolls of identify
 e - a scroll of fog {unknown}
 g - a scroll of immolation
 n - 2 scrolls of remove curse
 p - a scroll of amnesia {unknown}
 x - a scroll of teleportation
Potions
 m - a potion of berserk rage {unknown}
 q - a potion of flight {unknown}
 s - a potion of heal wounds {unknown}
 v - a potion of degeneration {unknown}
Books
 b - a book of Frost

   Spells                             Type                      Level
   a - Freeze                         Ice                          1
   b - Throw Frost                    Conjuration/Ice              2
   c - Ozocubu's Armour               Charms/Ice                   3
   d - Throw Icicle                   Conjuration/Ice              4
   e - Summon Ice Beast               Ice/Summoning                4
   f - Condensation Shield            Ice                          4
 u - a book of the Earth

   Spells                             Type                      Level
   a - Leda's Liquefaction            Hexes/Earth                  4
   b - Bolt of Magma                  Conjuration/Fire/Earth       5
   c - Statue Form                    Transmutation/Earth          6
   d - Iron Shot                      Conjuration/Earth            6
   e - Shatter                        Earth                        9
Comestibles
 c - 4 bread rations
 f - a royal jelly
 i - 3 chunks of flesh


   Skills:
 - Level 2.0 Fighting
 - Level 0.2 Short Blades
 - Level 1.7 Dodging
 - Level 1.7 Stealth
 - Level 4.0 Spellcasting
 - Level 1.0 Conjurations
 * Level 6.8 Ice Magic


You had 8 spell levels left.
You knew the following spells:

 Your Spells              Type           Power        Failure   Level  Hunger
a - Freeze                Ice            ####         1%          1    None
b - Throw Frost           Conj/Ice       ###...       6%          2    ##.....
c - Ozocubu's Armour      Chrm/Ice       ###.....     14%         3    ###....


Dungeon Overview and Level Annotations

Branches:
Dungeon (4/15)
 Temple: D:4-7

Altars:
Makhleb
Qazlal
Trog

Shops:
D:4 [


Innate Abilities, Weirdness & Mutations

You can spit globs of acid.
You can corrode armour when you spit acid.
You are resistant to acid.
Your golden yellow scales are hard (AC +6).
Your body does not fit into most forms of armour.
Your cold-blooded metabolism reacts poorly to cold.


Message History

* * * LOW HITPOINT WARNING * * *
The orc wizard barely misses you. The scorpion misses you.
You barely miss the scorpion.
The scorpion is heavily wounded.
You feel sick. The orc wizard closely misses you.
The scorpion barely misses you.
The orc wizard hits you but does no damage.
You hit the scorpion.
The scorpion is severely wounded.
The orc wizard hits you with a dagger.
* * * LOW HITPOINT WARNING * * *
The scorpion stings you.
* * * LOW HITPOINT WARNING * * *
The orc closely misses you.
You closely miss the orc wizard.
* * * LOW HITPOINT WARNING * * *
You feel sick. The orc wizard hits you with a dagger.
* * * LOW HITPOINT WARNING * * *
The scorpion barely misses you. The orc wizard hits you with a dagger.
You die...

#..<..(.## #..#
#.([(..## #.###
#......# #...#
#....∩## ##### ##
##.....# #.#
##......#
#.##.......###
#.......#....###
##...######..@o#
#.÷.##
###.so.o.... #.[##
###...... ##..#
###### ##r# #r##
### #5.### ###...#
##o5.######......#
##.......§........


You could see a scorpion, an orc wizard and 2 orcs.

Vanquished Creatures
  Eustachio (D:4)
  A hound (D:3)
  2 orc priests (D:4)
  A centaur skeleton (D:4)
  3 orc wizards (D:4)
  2 worker ants (D:4)
  The ghost of Charly the Chopper, a weakling VSBe of Trog (D:3)
  A hound skeleton (D:4)
  4 gnolls
  3 adders (D:3)
  A worm (D:2)
  4 giant geckos
  16 orcs
  5 giant cockroaches
  6 hobgoblins
  6 jackals
  6 kobolds
  2 quokkas
  6 bats
  2 giant newts (D:3)
  13 goblins
  8 rats
94 creatures vanquished.

Notes
Turn   | Place    | Note
--------------------------------------------------------------
     0 | D:1      | RedPan, the Draconian Ice Elementalist, began the quest for the Orb.
     0 | D:1      | Reached XP level 1. HP: 14/14 MP: 3/3
   355 | D:1      | Reached XP level 2. HP: 8/20 MP: 0/4
  1409 | D:2      | Reached XP level 3. HP: 16/26 MP: 4/6
  1465 | D:2      | Found a stormy altar of Qazlal.
  1612 | D:2      | Learned a level 2 spell: Throw Frost
  1616 | D:2      | Learned a level 3 spell: Ozocubu's Armour
  2153 | D:2      | Reached skill level 4 in Ice Magic
  2749 | D:3      | Reached XP level 4. HP: 17/34 MP: 1/8
  2889 | D:3      | Found a burning altar of Makhleb.
  2889 | D:3      | Noticed Charly's ghost (weakling VSBe)
  3539 | D:3      | Killed Charly's ghost
  3539 | D:3      | Reached XP level 5. HP: 25/39 MP: 1/11
  3808 | D:2      | Found a bloodstained altar of Trog.
  3834 | D:4      | Found Lymaom's Antique Armour Shop.
  3877 | D:4      | Reached skill level 5 in Ice Magic
  4236 | D:4      | Reached skill level 1 in Fighting
  4328 | D:4      | Noticed Eustachio
  4793 | D:4      | Reached XP level 6. HP: 34/47 MP: 0/13
  6155 | D:4      | Killed Eustachio
  6155 | D:4      | Reached skill level 6 in Ice Magic
  6155 | D:4      | Your scales start taking on a golden yellow colour.
  6155 | D:4      | Reached XP level 7. HP: 18/55 MP: 2/17
  6263 | D:4      | HP: 2/55 [poisoned by a scorpion]
  6263 | D:4      | Slain by an orc wizard

Action                   |  1- 3 |  4- 6 |  7- 9 || total
-------------------------+-------+-------+-------++-------
Melee: Dagger            |   149 |    10 |       ||   159
       Whip              |       |   208 |    40 ||   248
 Cast: Freeze            |    21 |       |       ||    21
       Throw Frost       |    13 |    87 |     1 ||   101
       Ozocubu's Armour  |       |     5 |       ||     5
 Abil: Spit Acid         |       |       |     1 ||     1
  Use: Scroll            |     5 |     2 |       ||     7
 Stab: Sleeping          |       |     3 |     1 ||     4
  Eat: Chunk             |     7 |    12 |       ||    19
       Pizza             |       |     2 |       ||     2
